 Dungeon Crawl Stone Soup version 0.29.1-4-g47bece8355 (webtiles) character file.

Game seed: 18007520240267260613

15 hawla the Firebug (level 2, 0/20 HPs)
             Began as a Meteoran Fire Elementalist on Dec 8, 2022.
             Slain by an orc wizard
             ... wielding a +0 dagger
              (3 damage)
             ... on level 2 of the Dungeon.
             The game lasted 00:01:50 (241 turns).

hawla the Firebug (Meteoran Fire Elementalist)       Turns: 241, Time: 00:01:50

Health: 0/20       AC:  2    Str:  9    XL:     2   Next: 88%
Magic:  6/7        EV: 12    Int: 16    God:
Gold:   25         SH:  0    Dex: 14    Spells: 4/7 levels left

rFire   . . .      SeeInvis .   (no weapon)
rCold   . . .      Faith    .   (no shield)
rNeg    . . .      Spirit   .   a - +0 robe
rPois   .          Reflect  .   (no helmet)
rElec   .          Harm     .   (no cloak)
rCorr   .          Rampage  .   (no gloves)
Will    .....                   (no boots)
Stlth   +.........              (no amulet)
HPRegen 0.06/turn               (no ring)
MPRegen 0.10/turn               (no ring)

@: glowing
A: sense surroundings 1, otherworldly, glowing, explore regen
a: no special abilities


You were on level 2 of the Dungeon.
You visited 1 branch of the dungeon, and saw 2 of its levels.

You collected 25 gold pieces.

Inventory:

Armour
 a - a +0 robe (worn)
Wands
 c - a wand of flame (15)


   Skills:
 + Level 2.6 Dodging
 - Level 1.4 Stealth
 + Level 3.0 Spellcasting
 + Level 1.4 Conjurations
 + Level 4.1 Fire Magic


You had 4 spell levels left.
You knew the following spells:

 Your Spells              Type           Power      Damage    Failure   Level
a - Foxfire               Conj/Fire      44%        2x1d6     6%          1
b - Scorch                Fire           30%        2d6       4%          2

Your spell library contained the following spells:

 Spells                   Type           Power      Damage    Failure   Level
 Conjure Flame            Conj/Fire      11%        6-21      19%         3
 Inner Flame              Hex/Fire       9%         N/A       24%         3
 Flame Wave               Conj/Fire      11%        2d6       52%         4


Dungeon Overview and Level Annotations

Branches:
Dungeon (2/15) Zot: 958

Altars:


Innate Abilities, Weirdness & Mutations

You passively map a small area around you.
You are easily found by Zot.
You glow in the dark.
You regain HP and MP as you explore.


Message History

Your attack snaps the kobold out of its fear.
The foxfire hits the endoplasm.
The endoplasm is severely wounded.
Your attack snaps the endoplasm out of its fear.
Unknown command.
You hit the kobold but do no damage.
The kobold is moderately wounded.
The kobold hits you with a +0 dagger.
You hit the kobold but do no damage.
The kobold is moderately wounded.
Cornered, the quokka turns to fight!
The kobold hits you with a +0 dagger.
You hit the kobold.
The kobold is severely wounded.
The quokka bites you. The kobold hits you with a +0 dagger.
Casting: Foxfire (safe; 6% risk of failure)
Confirm with . or Enter, or press ? or * to list all spells.
You conjure some foxfire!
The quokka bites you.
* * * LOW HITPOINT WARNING * * *
The kobold hits you but does no damage.
You hit the kobold but do no damage.
The kobold is severely wounded.
The foxfire hits the kobold.
You kill the kobold!
The foxfire hits the quokka.
The quokka is severely wounded.
The quokka closely misses you. Magic courses through your body.
The quokka bites you.
* * * LOW HITPOINT WARNING * * *
The hobgoblin barely misses you.
Casting: Foxfire (safe; 6% risk of failure)
Confirm with . or Enter, or press ? or * to list all spells.
You conjure some foxfire!
The quokka bites you but does no damage.
The hobgoblin misses you.
You closely miss the hobgoblin.
The foxfire hits the quokka.
You kill the quokka!
The foxfire hits the hobgoblin.
The hobgoblin is moderately wounded.
Something hits you.
You die...

*... *#..#.# * ,..
#..#.### * ,, #
##......# * * *
#.)#.##.## * # o
#.##..#..###.#(..#
####.###............#
#.........#####.#....
* #...g.##### ,.., .
#...@.# .# ,
#...ยงยง# , #*
#.....# ,, #.....# *
* #.....# * #.....#,
, ,, #......, ###.###
* ,


You could see a hobgoblin.

Vanquished Creatures
  3 ball pythons
  3 endoplasms (D:2)
  2 goblins
  A hobgoblin (D:2)
  A quokka (D:2)
  2 bats
  A kobold (D:2)
13 creatures vanquished.

Vanquished Creatures (others)
  31 foxfires
31 creatures vanquished.

Grand Total: 44 creatures vanquished

Notes
Turn   | Place    | Note
-------+----------+-------------------------------------------
     0 | D:1      | hawla the Meteoran Fire Elementalist began the quest for
                  | the Orb.
     0 | D:1      | Reached XP level 1. HP: 14/14 MP: 5/5
   115 | D:1      | Found a faded altar of an unknown god.
   150 | D:2      | Reached XP level 2. HP: 20/20 MP: 2/6
   157 | D:2      | Learned a level 2 spell: Scorch
   165 | D:2      | Reached skill level 4 in Fire Magic
   241 | D:2      | Slain by an orc wizard

Illustrated notes

Levels and vault maps discovered:
D:1:      amcnicky_arrival_underground_garden, layout_basic,
          chequers_ecumenical_altar_simple_redux, serial_shops,
          nicolae_lakefront_shop, shop, nicolae_hexahallways
D:2:      layout_rooms

Skill      XL: |  1  2 |
---------------+-------+-----
Spellcasting   | 3 |  3.0
Fire Magic     | 4 |  4.1
Dodging        | |  2.6
Stealth        | |  1.4
Conjurations   | |  1.4

Action                   || total
-------------------------++-------
Melee: Unarmed           ||     6
 Cast: Foxfire           ||    19
       Scorch            ||     1
Evoke: Wand              ||     1
  Use: Scroll            ||     1
       Potion            ||     1
Armor: Robe              ||     6
Dodge: Dodged            ||     9
